 Dungeon Sprint DCSS version 0.17-a0-1133-gfb1399f (webtiles) character file.

2123 esc the Martial Artist (level 9, -1/65 HPs)
             Began as an Octopode Transmuter on May 25, 2015.
             Was the Champion of Makhleb.
             Slain by a freezing wraith (15 damage)
             ... in the Dungeon (Sprint VII: "The Pits").
             The game lasted 00:09:38 (1013 turns).

esc the Martial Artist (Octopode Transmuter)        Turns: 1013, Time: 00:09:38

Health: -1/65      AC:  4    Str: 10    XL:     9   Next: 29%
Magic:  15/18      EV: 19    Int: 18    God:    Makhleb [******]
Gold:   0          SH:  0    Dex: 12    Spells: 4 memorised, 10 levels left

rFire  . . .     SeeInvis .       - Unarmed
rCold  . . .     Clarity  .     (shield currently unavailable)
rNeg   . . .     SustAt   .     (helmet restricted)
rPois  .         Gourm    .     (no amulet)
rElec  .         Spirit   .     q - +3 ring of evasion
rCorr  .         Warding  .     s - +3 ring of protection
rMut   .         NoTele   +     (no ring)
MR     .....                    (no ring)
Stlth  ++........               (no ring)
                                (no ring)
                                (no ring)
                                (no ring)

@: blade tentacles, very slightly contaminated, hasted and slowed, not resistant
to hostile enchantments, unstealthy
A: almost no armour, amphibious, 8 rings, constrict 8, camouflage 1, gelatinous
body 1
a: End Transformation, Minor Destruction, Lesser Servant of Makhleb, Major
Destruction, Greater Servant of Makhleb, Renounce Religion


You were in the Dungeon.
You worshipped Makhleb.
Makhleb was exalted by your worship.
You were hungry.
You had blades for tentacles.
You visited 1 branch

Inventory:

Hand weapons
 o - a +1 falchion of flaming
   (You took it off Terence in the Dungeon)
Missiles
 a - 12 arrows
 r - 10 arrows of frost
Magical staves
 p - an uncursed staff of energy {@w1+MP, hungerless spells, !d!a}
   (You found it in the Dungeon)
Jewellery
 q - a +3 ring of evasion (left scythe-like blade)
   (You found it in the Dungeon)
 s - a +3 ring of protection (right scythe-like blade)
   (You found it in the Dungeon)
Scrolls
 i - 2 scrolls of blinking {!r}
 m - 3 scrolls of remove curse
 n - 5 scrolls of amnesia
Potions
 d - 6 potions of curing
 e - 4 potions of heal wounds
 f - 2 potions of haste
 g - 4 potions of magic
 k - 2 potions of berserk rage {!q}
 l - 2 potions of invisibility
 t - a potion of brilliance
 u - 2 potions of might
Books
 b - a book of Changes
Comestibles
 c - 8 bread rations {@e1}
 h - 40 fruits
 j - 7 meat rations {@e2}
 v - 4 chunks of flesh {@w0}


   Skills:
 + Level 7.6 Fighting
 + Level 7.8 Dodging
 + Level 11.7 Unarmed Combat
 - Level 6.5 Spellcasting
 - Level 11.0 Transmutations
 + Level 4.2 Invocations


You had 10 spell levels left.
You knew the following spells:

 Your Spells              Type           Power        Failure   Level  Hunger
a - Beastly Appendage     Trmt           #####.       8%          1    None
c - Spider Form           Trmt/Pois      ####......   28%         3    ##.....
s - Sticks to Snakes      Trmt           #####.....   10%         2    None
x - Blade Hands           Trmt           #####.....   28%         5    #####..


Dungeon Overview and Level Annotations

Branches:
Dungeon (1/1)

Altars:
Ashenzari
Cheibriados
Dithmenos
Elyvilon
Fedhas
Gozag
Kikubaaqudgha
Makhleb
Nemelex Xobeh
Okawaru
Qazlal
Ru
Sif Muna
Trog
Vehumet
Xom
Yredelemnul
Zin
The Shining One
Beogh
Jiyva
Lugonu


Innate Abilities, Weirdness & Mutations

You cannot wear most types of armour.
You are amphibious.
You can wear up to eight rings at the same time.
You can use your tentacles to constrict eight enemies at once.
Your skin changes colour to match your surroundings (Stealth).
Your rubbery body absorbs attacks (AC +1).


Message History

Makhleb accepts your kill.
You feel a little better.
You regained 6 hp, and now have 43/64 hp.
Things that are here:
a short sword; a big kobold corpse
There is a large open door, spattered with blood here.
Eating one of 5 chunks of flesh {@w0}.
You continue eating. x2
You start resting.
Your transformation is almost over.
You regained 2 mp, and now have 17/18 mp.
You start resting.
Your tentacles revert to their normal proportions.
You regained 2 hp, and now have 48/64 hp.
MP restored: 18 You start resting.
Health restored: 64 Unknown command.
Your tentacles turn into razor-sharp scythe blades.
You are feeling hungry.
You now have 13/18 mp.
You open the door.
A blink frog, a soldier ant and a freezing wraith come into view.
The blink frog croaks.
You hear a croak.
You hear a loud, deep croak!
The soldier ant twitches its antennae in your direction.
You hear a croak. x2
The blink frog moves out of view.
You hear a croak. 2 blink frogs come into view.
The blink frog momentarily phases out as your attack passes through it.
Your grab misses the blink frog.
The blink frog blinks!
The blink frog hits you!
The blink frog moves out of view.
A blink frog comes into view.
You take 13 damage, and have 51/64 hp.
MASSIVE DAMAGE!!
Drink which item? (? for menu, Esc to quit)
You feel yourself speed up. The blink frog closely misses you.
The blink frog blinks!
You are very lightly contaminated with residual magic.
You completely miss the blink frog. You grab the blink frog.
You constrict the blink frog. The blink frog misses you.
You release your grip on the blink frog.
The blink frog hits you!
The blink frog blinks!
You take 11 damage, and have 40/64 hp.
The blink frog completely misses you.
There is a large open door, spattered with blood here.
You hit the blink frog.
Your grab passes through the blink frog as it momentarily phases out.
The blink frog blinks! x2
The blink frog blinks!
You hit the blink frog.
Your grab passes through the blink frog as it momentarily phases out.
You squeeze the blink frog. The blink frog closely misses you.
The blink frog blinks!
The blink frog momentarily phases out as your attack passes through it.
You grab the blink frog. You constrict the blink frog. You hit the blink frog.
You constrict the blink frog. The blink frog completely misses you.
You slice the blink frog!!
You kill the blink frog!
Makhleb accepts your kill.
You feel a little better.
Your Invocations skill increases to level 4!
You regained 7 hp, and now have 48/65 hp.
You hit the freezing wraith. Your slash misses the freezing wraith.
You slice the freezing wraith!!
You slash the freezing wraith, but do no damage.
The freezing wraith hits you. The freezing wraith freezes you!
The freezing wraith hits you!
You take 24 damage, and have 24/65 hp.
MASSIVE DAMAGE!!
Drink which item? (? for menu, Esc to quit)
You feel much better. The blink frog hits you!
You regained 7 hp, and now have 31/65 hp.
You slash the freezing wraith! The freezing wraith hits you.
The freezing wraith freezes you!
* * * LOW HITPOINT WARNING * * *
The freezing wraith hits you.
* * * LOW HITPOINT WARNING * * *
The freezing wraith drains your vigour!
You feel yourself slow down.
* * * LOW HITPOINT WARNING * * *
You take 17 damage, and have 14/65 hp.
MASSIVE DAMAGE!!
Drink which item? (? for menu, Esc to quit)
You feel much better. The blink frog barely misses you.
The blink frog blinks!
The freezing wraith misses you. x2
The blink frog blinks!
You regained 24 hp, and now have 38/65 hp.
You barely miss the freezing wraith.
The blink frog blinks!
The freezing wraith hits you but does no damage.
The freezing wraith misses you.
You slash the freezing wraith! You barely miss the freezing wraith.
The freezing wraith barely misses you. The freezing wraith misses you.
You barely miss the freezing wraith. The blink frog hits you!
The blink frog blinks!
The freezing wraith hits you!
* * * LOW HITPOINT WARNING * * *
The freezing wraith freezes you!
You die...

.##...<...###....## ##
.##.......# ##''## ##..+
.##.......###....###....#
###.......##......#....#
.###########......'W.§.+
############.....F#
#....#..[[###..a.##
#....#..[[# ##FW##
'....+..))# #.)§@#
#....#..))##......#
#....#..))##§.....#
###################


You could see a freezing wraith, a blink frog and a soldier ant.

Vanquished Creatures
  A red devil (D)
  A blink frog (D)
  A hungry ghost (D)
  A deep elf fighter (D)
  Edmund (D)
  A centaur (D)
  A small abomination (D)
  2 big kobolds (D)
  A crocodile (D)
  A brain worm (D)
  A giant frog (D)
  6 killer bees (D)
  2 quasits (D)
  2 hounds (D)
  2 orc priests (D)
  A worker ant (D)
  4 sheep (D)
  3 orcs (D)
  2 ball pythons (D)
  A goblin (D)
  4 jackals (D)
  A kobold (D)
40 creatures vanquished.

Vanquished Creatures (collateral kills)
  2 fire bats (D)
  A big kobold (D)
  Terence (D)
4 creatures vanquished.

Vanquished Creatures (others)
  A small abomination (D)
1 creature vanquished.

Grand Total: 45 creatures vanquished

Notes
Turn   | Place    | Note
--------------------------------------------------------------
     0 | D        | esc the Octopode Transmuter began the quest for the Orb.
     0 | D        | Reached XP level 1. HP: 13/13 MP: 3/3
     8 | D        | Noticed a brain worm
    13 | D        | Killed a brain worm
    13 | D        | Reached skill level 6 in Unarmed Combat
    13 | D        | Reached skill level 5 in Transmutations
    13 | D        | Reached XP level 2. HP: 18/18 MP: 5/5
    13 | D        | Reached XP level 3. HP: 23/23 MP: 6/6
    13 | D        | Reached XP level 4. HP: 28/28 MP: 7/7
    38 | D        | Found a sacrificial altar of Ru.
    38 | D        | Found a basalt altar of Yredelemnul.
    38 | D        | Found a shadowy altar of Dithmenos.
    38 | D        | Found a deep blue altar of Sif Muna.
    38 | D        | Found a burning altar of Makhleb.
    38 | D        | Found a shimmering altar of Xom.
    38 | D        | Found an ancient bone altar of Kikubaaqudgha.
    38 | D        | Found a sparkling altar of Nemelex Xobeh.
    40 | D        | Found a glowing golden altar of the Shining One.
    40 | D        | Found a bloodstained altar of Trog.
    40 | D        | Found a shattered altar of Ashenzari.
    40 | D        | Found a white marble altar of Elyvilon.
    40 | D        | Found a snail-covered altar of Cheibriados.
    40 | D        | Found a blossoming altar of Fedhas.
    40 | D        | Found a radiant altar of Vehumet.
    40 | D        | Found a glowing silver altar of Zin.
    40 | D        | Found a corrupted altar of Lugonu.
    40 | D        | Found a viscous altar of Jiyva.
    40 | D        | Found a roughly hewn altar of Beogh.
    40 | D        | Found an iron altar of Okawaru.
    43 | D        | Became a worshipper of Makhleb the Destroyer
    48 | D        | Found a stormy altar of Qazlal.
    49 | D        | Found an opulent altar of Gozag.
    58 | D        | Learned a level 3 spell: Spider Form
    68 | D        | Noticed a worker ant
    73 | D        | Killed a worker ant
    73 | D        | Acquired Makhleb's first power
    73 | D        | Reached skill level 6 in Transmutations
   170 | D        | Learned a level 2 spell: Sticks to Snakes
   176 | D        | Acquired Makhleb's second power
   191 | D        | Noticed Edmund
   194 | D        | Acquired Makhleb's third power
   213 | D        | Killed Edmund
   213 | D        | Reached skill level 8 in Unarmed Combat
   213 | D        | Reached skill level 8 in Transmutations
   213 | D        | Reached XP level 5. HP: 23/33 MP: 1/8
   216 | D        | Acquired Makhleb's fourth power
   359 | D        | Noticed a hound
   360 | D        | Noticed a giant frog
   360 | D        | Noticed a quasit
   360 | D        | Noticed a quasit
   360 | D        | Noticed a deep elf fighter
   361 | D        | Noticed a centaur
   363 | D        | Killed a hound
   363 | D        | Reached skill level 9 in Unarmed Combat
   363 | D        | Reached XP level 6. HP: 38/38 MP: 5/9
   365 | D        | Killed a giant frog
   365 | D        | Reached skill level 9 in Transmutations
   369 | D        | Killed a quasit
   373 | D        | HP: 9/38 [deep elf fighter/short sword (6)]
   381 | D        | Killed a deep elf fighter
   381 | D        | Acquired Makhleb's fifth power
   381 | D        | Reached skill level 10 in Unarmed Combat
   381 | D        | Reached skill level 10 in Transmutations
   381 | D        | Reached XP level 7. HP: 43/43 MP: 7/10
   383 | D        | Killed a centaur
   383 | D        | Reached skill level 11 in Unarmed Combat
   388 | D        | Killed a quasit
   388 | D        | Reached skill level 11 in Transmutations
   424 | D        | Noticed a crocodile
   428 | D        | Killed a crocodile
   428 | D        | Reached skill level 2 in Fighting
   430 | D        | Noticed a fire bat
   430 | D        | Noticed a fire bat
   430 | D        | Noticed a big kobold
   430 | D        | Noticed Terence
   435 | D        | Killed Terence
   435 | D        | Reached skill level 3 in Dodging
   439 | D        | Killed a big kobold
   439 | D        | Reached skill level 3 in Spellcasting
   447 | D        | Killed a fire bat
   447 | D        | Reached skill level 3 in Fighting
   447 | D        | Reached skill level 4 in Dodging
   449 | D        | Killed a fire bat
   449 | D        | Reached skill level 4 in Fighting
   449 | D        | Reached skill level 4 in Spellcasting
   449 | D        | Reached XP level 8. HP: 42/54 MP: 10/14
   520 | D        | Learned a level 5 spell: Blade Hands
   538 | D        | Noticed an orc priest
   538 | D        | Noticed a killer bee
   538 | D        | Noticed a killer bee
   538 | D        | Noticed a killer bee
   538 | D        | Noticed a killer bee
   539 | D        | Noticed an orc priest
   543 | D        | Killed a killer bee
   548 | D        | Killed a killer bee
   548 | D        | Reached skill level 5 in Dodging
   549 | D        | Noticed a killer bee
   555 | D        | Killed a killer bee
   555 | D        | Reached skill level 5 in Fighting
   556 | D        | Killed a killer bee
   556 | D        | Reached skill level 5 in Spellcasting
   566 | D        | Killed an orc priest
   569 | D        | Noticed a killer bee
   571 | D        | Killed a killer bee
   573 | D        | Killed a killer bee
   580 | D        | Killed an orc priest
   583 | D        | Noticed a red devil
   590 | D        | HP: 13/57 [red devil/trident (13)]
   593 | D        | HP: 1/57 [red devil/trident (11)]
   603 | D        | HP: 12/57 [red devil/trident (14)]
   604 | D        | HP: 4/57 [red devil/trident (8)]
   607 | D        | Killed a red devil
   607 | D        | Reached skill level 6 in Fighting
   607 | D        | Reached skill level 6 in Dodging
   607 | D        | Reached skill level 6 in Spellcasting
   811 | D        | Noticed a big kobold
   811 | D        | Noticed a hound
   821 | D        | Killed a hound
   822 | D        | Killed a big kobold
   822 | D        | Reached skill level 1 in Invocations
   836 | D        | Reached skill level 7 in Dodging
   836 | D        | Reached skill level 2 in Invocations
   868 | D        | Noticed a small abomination
   868 | D        | Noticed a hungry ghost
   869 | D        | Noticed a big kobold
   878 | D        | Killed a hungry ghost
   878 | D        | Reached skill level 7 in Fighting
   878 | D        | Reached XP level 9. HP: 52/64 MP: 13/18
   884 | D        | Killed a small abomination
   884 | D        | Reached skill level 3 in Invocations
   888 | D        | Killed a big kobold
   992 | D        | Noticed a freezing wraith
   992 | D        | Noticed a soldier ant
   992 | D        | Noticed a blink frog
   993 | D        | Noticed a blink frog
   993 | D        | Noticed a blink frog
   994 | D        | Noticed a blink frog
  1004 | D        | Killed a blink frog
  1004 | D        | Reached skill level 4 in Invocations
  1008 | D        | HP: 15/65 [freezing wraith (2)]
  1013 | D        | HP: 14/65 [freezing wraith (11)]
  1013 | D        | Slain by a freezing wraith

Vault maps used:
D:        pitsprint

Action                   |  1- 3 |  4- 6 |  7- 9 || total
-------------------------+-------+-------+-------++-------
Melee: Unarmed           |     3 |    48 |    90 ||   141
 Cast: Spider Form       |       |     3 |     1 ||     4
       Blade Hands       |       |       |     7 ||     7
       Beastly Appendage |       |       |     1 ||     1
  Use: Potion            |     1 |     2 |     6 ||     9
       Scroll            |       |       |     1 ||     1
 Stab: Sleeping          |       |     1 |       ||     1
  Eat: Chunk             |       |       |     4 ||     4

Vault maps used:
D:        pitsprint

Table legend:
 A = Turns spent in this place as a percentage of turns spent in the entire game.
 B = Non-inter-level travel turns spent in this place as a percentage of non-inter-level travel turns spent in the entire game.
 C = Inter-level travel turns spent in this place as a percentage of turns spent in this place.
 D = Turns resting spent in this place as a percentage of non-inter-level travel turns spent in this place.
 E = Turns spent auto-exploring this place as a percentage of non-inter-level travel turns spent in this place.
 F = Non-inter-level travel turns spent in this place divided by the number of levels of this place that you've seen.
                   A       B       C       D       E      F
               +-------+-------+-------+-------+-------+----------------------
         Total | 100.0 | 100.0 |   0.0 |   3.0 |   0.0 | 571.0
       Dungeon | 100.0 | 100.0 |   0.0 |   3.0 |   0.0 | 571.0
               +-------+-------+-------+-------+-------+----------------------

Table legend:
 A = Kills in this place as a percentage of kills in entire the game.
 B = Kills by you in this place as a percentage of kills by you in the entire game.
 C = Kills by friends in this place as a percentage of kills by friends in the entire game.
 D = Other kills in this place as a percentage of other kills in the entire game.
 E = Experience gained in this place as a percentage of experience gained in the entire game.
 F = Experience gained in this place divided by the number of levels of this place that you have seen.
                   A       B       C       D       E      F
               +-------+-------+-------+-------+-------+----------------------
         Total | 100.0 | 100.0 | 100.0 |  -nan | 100.0 | 3033.0
       Dungeon | 100.0 | 100.0 | 100.0 |  -nan | 100.0 | 3033.0
               +-------+-------+-------+-------+-------+----------------------
